cohdb
Replays
Latest Replays
All Replays
Popular Replays
Top Player Replays
Match Explorer
How It Works
Community
CoH3 Stats
Reddit
Sign in to upload your games and track your stats! →
Sign in with Steam
Match 24658588
Unlisted
Match 24658588
Overview
Messages
Build Orders
End
Kradschützen Motorcycle Team
Panzergrenadier Squad
Panzergrenadier Squad
Panzergrenadier Squad
Construct Light Support Kompanie
Fire Support Elements
Panzerjäger Squad
Veteran Squad Leaders
Flakvierling Half-track
2.5-tonne Medical Truck
Panzerjäger Mechanized Group
Selects Armored Support Battlegroup
Selects Veteran Gunners
Selects Flammpanzer III Medium Tank Sd.Kfz. 141
Flammpanzer III Medium Tank
Selects Salvage Kits
2.5-tonne Medical Truck
Selects Command Panzer IV F Medium Tank
Command Panzer IV F Medium Tank
Advanced Field Repairs
Construct Panzerarmee Kommand
Panzerjäger Mechanized Group
Prigozhin_Official
Mobius
SneaKerz
gb_gbg
0
0
Comments
sign in to comment!
No comments posted yet!